 Dungeon Crawl Stone Soup version 0.30.0-10-gfe55d96785 (webtiles) character file.

Game seed: 12994877128217186840

11 Byczy the Firebug (level 2, -1/15 HPs)
             Began as a Deep Elf Fire Elementalist on May 15, 2023.
             Killed from afar by a dart slug (2 damage)
             ... with a slug dart
             ... on level 1 of the Dungeon.
             The game lasted 00:00:54 (105 turns).

Byczy the Firebug (Deep Elf Fire Elementalist)       Turns: 105, Time: 00:00:57

Health: -1/15      AC:  2    Str:  5    XL:     2   Next: 13%
Magic:  0/8        EV:  9    Int: 19    God:
Gold:   14         SH:  0    Dex: 15    Spells: 6/7 levels left

rFire   . . .        d - +0 short sword
rCold   . . .        (no shield)
rNeg    . . .        a - +0 robe
rPois   .            (no helmet)
rElec   .            (no cloak)
rCorr   .            (no gloves)
SInv    .            (no boots)
Will    .....        (no amulet)
Stlth   ++           (no ring)
HPRegen 0.22/turn    (no ring)
MPRegen 0.11/turn

%: no passive effects
@: constricted
A: no striking features
a: no special abilities


You were on level 1 of the Dungeon.
You visited 1 branch of the dungeon, and saw 1 of its levels.

You collected 14 gold pieces.

Inventory:

Hand Weapons
 d - a +0 short sword (weapon)
Armour
 a - a +0 robe (worn)
Potions
 b - a potion of magic
 c - a potion of curing {unknown}


   Skills:
 + Level 2.5 Dodging
 + Level 2.7 Stealth
 + Level 3.2 Spellcasting
 + Level 1.1 Conjurations
 + Level 3.6 Fire Magic


You had 6 spell levels left.
You knew the following spells:

 Your Spells              Type           Power      Damage    Failure   Level
a - Foxfire               Conj/Fire      48%        2x1d6     5%          1

Your spell library contained the following spells:

 Spells                   Type           Power      Damage    Failure   Level
 Scorch                   Fire           34%        2d6       4%          2
 Inner Flame              Hex/Fire       10%        N/A       22%         3
 Volatile Blastmotes      Fire/Tloc      20%        2d11      22%         3
 Flame Wave               Conj/Fire      12%        2d6       50%         4


Dungeon Overview and Level Annotations

Branches:
Dungeon (1/15)

Altars:


Message History

You hit the dart slug.
The dart slug is heavily wounded.
The dart slug bites you.
You hit the dart slug but do no damage.
The dart slug is heavily wounded.
You completely miss the dart slug.
The dart slug is heavily wounded.
The dart slug bites you. The rat attacks as you move away!
The rat closely misses you.
The dart slug briefly extends its eye-stalks.
The dart slug launches a dart at you. The slug dart hits you.
You closely miss the jackal.
The jackal is severely wounded.
The jackal barely misses you. The rat bites you.
The jackal bites you but does no damage.
The ball python completely misses you. The ball python misses you.
The ball python attacks as you move away!
The ball python bites you but does no damage.
The ball python barely misses you. The rat misses you.
You conjure some foxfire!
The jackal bites you.
The foxfire hits the rat.
You kill the rat!
The jackal completely misses you. The dart slug launches a dart at you.
The slug dart hits you.
You hit the rat.
You kill the rat!
The jackal barely misses you. The jackal closely misses you.
The dart slug briefly extends its eye-stalks.
The dart slug bites you.
* * * LOW HITPOINT WARNING * * *
You are too injured to fight recklessly!
The ball python bites you but does no damage.
The ball python grabs you. The ball python constricts you.
The jackal bites you.
* * * LOW HITPOINT WARNING * * *
The dart slug launches a dart at you. The slug dart hits you.
You die...

.. ..... ..#
..#.....#### #.#
.#..$......# #.#
#...#...##.#### ##..
..#.....†....#######...
#...#.##†.^....†....#.
#..#..#.....#########.
#...S.#.#.# ## #.
#...#.@#.#........# #.
#.....#.h.###>...#.#
##. ........w†#
####....##..
#.....#.### #...#...
.#...#..# ##..)..
..###...# #....#. ..
..#..# #...##...
#...#.# .### ###.
.#.... #.


You could see a dart slug, a jackal and a ball python.

Vanquished Creatures
  A dart slug (D:1)
  3 jackals (D:1)
  A kobold (D:1)
  A bat (D:1)
  A frilled lizard (D:1)
  2 rats (D:1)
9 creatures vanquished.

Vanquished Creatures (others)
  20 foxfires (D:1)
20 creatures vanquished.

Grand Total: 29 creatures vanquished

Notes
Turn   | Place    | Note
-------+----------+-------------------------------------------
     0 | D:1      | Byczy the Deep Elf Fire Elementalist began the quest for
                  | the Orb.
     0 | D:1      | Reached XP level 1. HP: 10/10 MP: 6/6
    91 | D:1      | Reached XP level 2. HP: 15/15 MP: 1/8
   105 | D:1      | Killed from afar by a dart slug

Illustrated notes

Levels and vault maps discovered:
D:1:      dpeg_arrival_boxorama, layout_rooms, shapermc_ecumenical_altar_venn,
          kennysheep_another_room, amcnicky_mini_rare_corridor_liquid,
          minmay_splitting_lines, amcnicky_mini_pool_small, minmay_tripent

Action                     || total
---------------------------++-------
  Melee: Unarmed           ||     1
         Short sword       ||     5
   Cast: Foxfire           ||    13
 Armour: Robe              ||     5
  Dodge: Dodged            ||     9
